 Dungeon Crawl Stone Soup version 0.16.1-18-g436b03c (webtiles) character file.

137 drasked the Chopper (level 5, -8/45 HPs)
             Began as a Hill Orc Fighter on May 15, 2015.
             Mangled by a gnoll
             ... wielding a +2 halberd of distortion
              (12 damage)
             ... on level 2 of the Dungeon.
             The game lasted 00:02:53 (1705 turns).

drasked the Chopper (Hill Orc Fighter)              Turns: 1705, Time: 00:02:53

Health: -8/45      AC:  6    Str: 19    XL:     5   Next: 20%
Magic:  5/5        EV:  7    Int:  9    God:
Gold:   104        SH:  9    Dex: 10    Spells: 0 memorised, 4 levels left

rFire  . . .     SeeInvis .     a - +0 war axe
rCold  . . .     Clarity  .     b - +0 scale mail
rNeg   . . .     SustAb   .     c - +0 shield
rPois  .         Gourm    .     (no helmet)
rElec  .         Spirit   .     (no cloak)
rCorr  .         Warding  .     (no gloves)
rMut   .         Stasis   .     (no boots)
MR     .....                    (no amulet)
Stlth  ..........               (no ring)
                                (no ring)

@: not resistant to hostile enchantments, extremely unstealthy
A: no striking features
a: no special abilities


You were on level 2 of the Dungeon.
You were not hungry.

You visited 1 branch of the dungeon, and saw 2 of its levels.

You collected 104 gold pieces.

Inventory:

Hand weapons
 a - a +0 war axe (weapon)
Armour
 b - a +0 scale mail (worn)
 c - a +0 shield (worn)
 q - a +1 pair of boots
   (You found it on level 2 of the Dungeon)
Jewellery
 h - an uncursed ring of protection from cold {unknown}
   (You found it on level 1 of the Dungeon)
Scrolls
 f - a scroll of noise {unknown}
 k - a scroll of fog {unknown}
 m - a scroll of teleportation {unknown}
 o - a scroll of identify {unknown}
 r - a scroll of enchant armour {unknown}
 t - a scroll of magic mapping {unknown}
Potions
 e - a potion of might
 g - 2 potions of curing {unknown}
 j - a potion of beneficial mutation {unknown}
 l - a potion of agility {unknown}
 p - 2 potions of heal wounds {unknown}
Comestibles
 d - 3 meat rations {@e2}
 i - a royal jelly
 n - 6 fruits


   Skills:
 - Level 3.6 Fighting
 + Level 6.9 Axes
 - Level 3.2 Armour
 - Level 3.2 Shields


You had 4 spell levels left.
You didn't know any spells.

Dungeon Overview and Level Annotations

Branches:
Dungeon (2/15)

Altars:


Message History

You hit the giant cockroach but do no damage.
The giant cockroach bites you but does no damage.
You block the giant cockroach's attack.
You barely miss the giant cockroach.
The giant cockroach waves its antennae.
You block the giant cockroach's attack.
You slash the giant cockroach!
You kill the giant cockroach!
No target in view!
No target in view!
No target in view!
n - 6 fruits (gained 4)
There is a stone staircase leading down here.
A giant cockroach comes into view.
A giant cockroach is nearby!
A giant cockroach is nearby!
A giant cockroach is nearby!
A giant cockroach is nearby!
You closely miss the giant cockroach. You block the giant cockroach's attack.
You hit the giant cockroach.
The giant cockroach bites you but does no damage.
The giant cockroach closely misses you.
You slash the giant cockroach!
You kill the giant cockroach!
No target in view!
No target in view!
No target in view!
A gnoll comes into view. It is wielding a club.
The gnoll shouts!
A gnoll comes into view. It is wielding a club.
There are monsters nearby!
There are monsters nearby!
There are monsters nearby!
There are monsters nearby!
The gnoll shouts!
A gnoll comes into view. It is wielding a halberd of distortion.
The gnoll shouts!
A gnoll comes into view. It is wielding a spear.
The gnoll shouts!
All of the chunks of flesh in your inventory have rotted away.
You hit the gnoll. The gnoll hits you with a club.
You take 5 damage, and have 40/45 hp.
You hit the gnoll but do no damage. The gnoll hits you but does no damage.
The gnoll barely misses you.
You closely miss the gnoll. The gnoll hits you but does no damage.
You closely miss the gnoll.
The gnoll hits you from afar with a halberd of distortion!
Space bends around you. The gnoll hits you with a club.
You take 14 damage, and have 26/45 hp.
MASSIVE DAMAGE!!
You hit the gnoll.
You kill the gnoll!
You block the gnoll's attack.
The gnoll hits you with a halberd of distortion!
Space bends around you.
Things that are here:
a club; a gnoll corpse You take 9 damage, and have 17/45 hp.
Unknown command.
You hit the gnoll but do no damage. You block the gnoll's attack.
The gnoll hits you from afar with a spear.
* * * LOW HITPOINT WARNING * * *
You take 4 damage, and have 13/45 hp.
You hit the gnoll.
The gnoll hits you from afar with a spear.
* * * LOW HITPOINT WARNING * * *
You block the gnoll's attack.
You take 2 damage, and have 11/45 hp.
You slash the gnoll! You block the gnoll's attack.
The gnoll hits you with a halberd of distortion.
* * * LOW HITPOINT WARNING * * *
You blink.
You take 2 damage, and have 9/45 hp.
A bat comes into view.
Your shield and scale mail prevent you from hitting the bat.
You slash the gnoll! The bat barely misses you. The bat closely misses you.
The gnoll hits you with a club.
* * * LOW HITPOINT WARNING * * *
The bat hits you but does no damage.
You take 2 damage, and have 8/45 hp.
You hit the bat. You slash the gnoll!
You kill the gnoll!
The bat hits you but does no damage. The bat barely misses you.
The gnoll barely misses you. The bat hits you.
* * * LOW HITPOINT WARNING * * *
You closely miss the bat. The bat barely misses you.
You block the bat's attack. The bat hits you but does no damage.
The gnoll barely misses you.
You closely miss the bat. The bat hits you but does no damage.
The gnoll hits you from afar with a halberd of distortion.
* * * LOW HITPOINT WARNING * * *
Space bends around you.
* * * LOW HITPOINT WARNING * * *
You take 4 damage, and have 4/45 hp.
You miss the bat. The bat closely misses you. You block the bat's attack.
The gnoll barely misses you. The bat closely misses you.
You block the bat's attack.
The gnoll hits you with a halberd of distortion!
You die...

#######################
#.......b@gg...(...)..#
#.############..#.###.##
#..#......# #..#......#
#..#......# #..#.###.##
. #..#. #.# ....#
#..#.###.# ## #....#
#..#..##.# #.


You could see 2 gnolls and a bat.

Vanquished Creatures
  6 gnolls (D:2)
  2 adders (D:2)
  A worm (D:1)
  2 oozes
  7 goblins
  5 hobgoblins
  5 jackals (D:1)
  5 kobolds
  3 bats
  2 giant cockroaches (D:2)
  4 giant newts
  18 rats
60 creatures vanquished.

Notes
Turn   | Place    | Note
--------------------------------------------------------------
     0 | D:1      | drasked, the Hill Orc Fighter, began the quest for the Orb.
     0 | D:1      | Reached XP level 1. HP: 19/19 MP: 1/1
    49 | D:1      | Reached skill level 3 in Axes
   203 | D:1      | Reached XP level 2. HP: 23/26 MP: 2/2
   398 | D:1      | Reached skill level 4 in Axes
   497 | D:1      | Reached XP level 3. HP: 29/31 MP: 3/3
   875 | D:1      | Reached skill level 5 in Axes
  1135 | D:2      | Reached XP level 4. HP: 23/39 MP: 4/4
  1305 | D:2      | Reached skill level 6 in Axes
  1613 | D:2      | Reached XP level 5. HP: 45/45 MP: 5/5
  1691 | D:2      | HP: 11/45 [gnoll/spear (2)]
  1700 | D:2      | HP: 8/45 [gnoll/club (2)]
  1705 | D:2      | Mangled by a gnoll

Action                   |  1- 3 |  4- 6 || total
-------------------------+-------+-------++-------
Melee: War axe           |   149 |    53 ||   202
  Eat: Chunk             |     1 |     2 ||     3

Vault maps used:
D:1:      erik_arrival_orb_chamber
D:2:      minivault_24

Table legend:
 A = Turns spent in this place as a percentage of turns spent in the entire game.
 B = Non-inter-level travel turns spent in this place as a percentage of non-inter-level travel turns spent in the entire game.
 C = Inter-level travel turns spent in this place as a percentage of turns spent in this place.
 D = Turns resting spent in this place as a percentage of non-inter-level travel turns spent in this place.
 E = Turns spent auto-exploring this place as a percentage of non-inter-level travel turns spent in this place.
 F = Non-inter-level travel turns spent in this place divided by the number of levels of this place that you've seen.
                   A       B       C       D       E      F
               +-------+-------+-------+-------+-------+----------------------
         Total | 100.0 | 100.0 |   0.3 |   2.5 |   8.4 | 367.0
       Dungeon | 100.0 | 100.0 |   0.3 |   2.5 |   8.4 | 367.0
               +-------+-------+-------+-------+-------+----------------------

Table legend:
 A = Kills in this place as a percentage of kills in entire the game.
 B = Kills by you in this place as a percentage of kills by you in the entire game.
 C = Kills by friends in this place as a percentage of kills by friends in the entire game.
 D = Other kills in this place as a percentage of other kills in the entire game.
 E = Experience gained in this place as a percentage of experience gained in the entire game.
 F = Experience gained in this place divided by the number of levels of this place that you have seen.
                   A       B       C       D       E      F
               +-------+-------+-------+-------+-------+----------------------
         Total | 100.0 | 100.0 |  -nan |  -nan | 100.0 |  98.5
       Dungeon | 100.0 | 100.0 |  -nan |  -nan | 100.0 |  98.5
               +-------+-------+-------+-------+-------+----------------------
